 Seeded DCSS version 0.30.1-4-g462c640d31 (webtiles) character file.

Game seed: 6351066067085065685 (custom seed)

14497 Esekla the Thaumaturge (level 11, -8/62 HPs)
             Began as a Deep Elf Necromancer on Aug 19, 2023.
             Was a High Priest of Vehumet.
             Mangled by a gargoyle
             ... wielding a +0 flail
              (12 damage)
             ... on level 11 of the Dungeon.
             The game lasted 01:31:03 (12113 turns).

Esekla the Thaumaturge (Deep Elf Necromancer)      Turns: 12113, Time: 01:31:03

Health: -8/62      AC:  6    Str:  5    XL:     11   Next: 89%
Magic:  31/39      EV: 15    Int: 25    God:    Vehumet [*****.]
Gold:   212        SH:  5    Dex: 15    Spells: 13/37 levels left

rFire   . . .        a - +5 scimitar
rCold   . . .        y - +0 buckler
rNeg    . . .        p - +0 robe
rPois   .            J - +1 helmet
rElec   .            I - +0 cloak
rCorr   .            k - +0 pair of gloves
SInv    .            (no boots)
Will    +....        C - amulet of magic regeneration
Stlth   +++          N - ring of magical power
HPRegen 0.30/turn    T - ring of the Mage {Wiz Archmagi}
MPRegen 0.66/turn

%: wizardry (x1), archmagi
@: slightly contaminated, hasted, studying Fighting, very quick
A: no striking features
a: Renounce Religion


You were on level 11 of the Dungeon.
You worshipped Vehumet.
Vehumet was extremely pleased with you.
You visited 2 branches of the dungeon, and saw 13 of its levels.
You also visited: Bailey.

You collected 926 gold pieces.
You spent 714 gold pieces at shops.

Inventory:

Hand Weapons
 a - a +5 scimitar (weapon)
 r - a +4 trident of venom
 s - the +5 rapier of the Hero {heavy, rN+ Dex+3}
   (You found it on level 3 of the Dungeon)

   Dex:       It affects your dexterity (+3).
   rN:        It protects you from negative energy.
Missiles
 h - 7 boomerangs
 u - 39 poisoned darts (quivered)
 K - 6 curare-tipped darts
Armour
 k - a +0 pair of gloves (worn)
 p - a +0 robe (worn)
 y - a +0 buckler (worn)
 I - a +0 cloak (worn)
 J - a +1 helmet (worn)
 S - a +0 troll leather armour
Jewellery
 t - an amulet of reflection
 C - an amulet of magic regeneration (around neck)
 N - a ring of magical power (left hand)
 T - the ring of the Mage (right hand) {Wiz Archmagi}
   (You bought it in a shop on level 2 of the Dungeon)

   [ring of wizardry]

   It improves your spell success rate.
   Archmagi:  It increases the power of your magical spells.
 V - a ring of ice
Wands
 E - a wand of flame (6)
 F - a wand of roots (16)
 H - a wand of mindburst (7)
 R - a wand of charming (6)
Scrolls
 c - 3 scrolls of noise {unknown}
 e - 4 scrolls of fear {unknown}
 g - 2 scrolls of poison {unknown}
 m - a scroll of enchant armour
 n - 2 scrolls of amnesia {unknown}
 o - a scroll of immolation {unknown}
 q - 5 scrolls of blinking {unknown}
 v - 2 scrolls of fog
 w - 4 scrolls of enchant weapon {unknown}
 x - a scroll of summoning {unknown}
 A - 2 scrolls of silence
 B - a scroll of magic mapping
 G - 3 scrolls of teleportation {unknown}
 L - 2 scrolls of torment {unknown}
 M - 6 scrolls of identify
 O - a scroll of vulnerability {unknown}
 P - 2 scrolls of acquirement
Potions
 b - a potion of magic
 d - 3 potions of ambrosia {unknown}
 f - 2 potions of haste
 i - 2 potions of mutation
 j - 7 potions of curing
 l - 6 potions of attraction {unknown}
 z - 2 potions of brilliance
 D - 2 potions of lignification
 Q - a potion of cancellation {unknown}
 U - 2 potions of degeneration {unknown}


   Skills:
 * Level 4.3 Fighting
 + Level 3.3(4.1) Short Blades
 + Level 3.3(3.9) Long Blades
 + Level 2.8 Throwing
 * Level 1.8 Armour
 * Level 8.1 Dodging
 + Level 5.0 Stealth
 - Level 3.2 Shields
 * Level 13.5 Spellcasting
 + Level 4.0 Conjurations
 + Level 9.2 Necromancy
 + Level 6.5 Translocations
 * Level 1.9 Transmutations
 + Level 4.3 Ice Magic
 + Level 3.4 Air Magic
 + Level 3.6 Poison Magic
 + Level 1.1 Evocations


You had 13 spell levels left.
You knew the following spells:

 Your Spells              Type           Power      Damage    Failure   Level
a - Necrotise             Necr           100%       1d9       1%          1
b - Kiss of Death         Conj/Necr      100%       2d13      1%          1
c - Mephitic Cloud        Conj/Pois/Air  52%        N/A       1%          3
d - Vampiric Draining     Necr           76%        2d11      1%          3
e - Static Discharge      Conj/Air       100%       2-7/arc   1%          2
f - Freeze                Ice            100%       1d10      1%          1
i - Irradiate             Conj/Tmut      23%        3d19      5%          5
t - Teleport Other        Tloc           65%        N/A       1%          3
z - Freezing Cloud        Conj/Ice/Air   26%        6-21      4%          5

Your spell library contained the following spells:

 Spells                   Type           Power      Damage    Failure   Level
 Lesser Beckoning         Tloc           100%       N/A       1%          2
 Gell's Gravitas          Tloc           65%        N/A       1%          3
 Animate Dead             Necr           76%        N/A       1%          4
 Agony                    Necr           76%        N/A       1%          5
 Spider Form              Tmut/Pois      46%        N/A       2%          3
 Cause Fear               Hex            12%        N/A       24%         4
 Summon Mana Viper        Hex/Summ       25%        N/A       52%         5


Dungeon Overview and Level Annotations

Branches:
Dungeon (11/15)            Temple (0/1) D:6             Orc (2/2) D:10
 Bailey (visited)
   Lair: D:8-11         Elf: Orc:2

Altars:
Dithmenos
Fedhas
Hepliaklqana
Nemelex Xobeh
Okawaru
Qazlal
Ru
Trog
Uskayaw
Vehumet
Zin
The Shining One

Shops:
D:2 =   D:4 (   D:11 *

Annotations:
D:11 Lodul


Message History

You throw a poisoned dart.
The poisoned dart barely misses the troll.
Your magical contamination has completely faded away.
Throw: 42 darts (poison)
Press: ? - help, Q - select action, (/) - cycle Shift-Dir - straight line, f/p - troll
Aim: a troll (confused, 79% to hit)
You throw a poisoned dart. The poisoned dart hits the troll.
The troll is poisoned.
The gargoyle hurls a stone arrow at you.
The stone arrow hits you!
Throw: 41 darts (poison)
Press: ? - help, Q - select action, (/) - cycle Shift-Dir - straight line, f/p - troll
Aim: a troll (confused, poisoned, 79% to hit)
You throw a poisoned dart.
The poisoned dart barely misses the troll.
Throw: 40 darts (poison)
Press: ? - help, Q - select action, (/) - cycle Shift-Dir - straight line, f/p - troll
Aim: a troll (confused, poisoned, 79% to hit)
You throw a poisoned dart.
The poisoned dart barely misses the troll.
Casting: Mephitic Cloud (safe; 1% risk of failure)
Confirm with . or Enter, or press ? or * to list all spells.
You feel a surge of power!
You erupt in a fountain of uncontrolled magic!
The gargoyle is blasted with magical radiation.
The gargoyle is lightly damaged.
You are very lightly contaminated with residual magic.
The gargoyle hits you with a +0 flail!
Casting: Irradiate (dangerous; 5% risk of failure)
Confirm with . or Enter, or press ? or * to list all spells.
You feel a surge of power!
You erupt in a fountain of uncontrolled magic!
The gargoyle is blasted with magical radiation.
The gargoyle is moderately damaged.
You are lightly contaminated with residual magic.
The gargoyle hits you with a +0 flail!
* * * LOW HITPOINT WARNING * * *
An ice beast comes into view.
You feel yourself speed up. The gargoyle hits you with a +0 flail!
You die...

#..........
.
#...8TY...
#........
.. ########
#..l....##
...
.......g
#.(# #...
.......C
##.###....
##....CO
#....(#
#.##'##
#9.T..# #
#.. #
#@†..(#
.#.∩ #
#.....#
..#. #
#<....#
..## #
#.....# .
#.....#
#######


You could see a troll (confused, poisoned), a gargoyle and an ice beast.

Vanquished Creatures
  Harold (D:9)
  2 two-headed ogres
  Pikel (D:6)
  3 orc knights
  2 cyclopes (D:9)
  Joseph (D:7)
  A gargoyle (D:10)
  A rime drake (D:11)
  A kobold demonologist (D:9)
  2 trolls
  3 centaur simulacra (D:11)
  8 yaks (D:10)
  2 steam dragons
  3 wyverns
  Menkaure (D:7)
  3 ice beasts
  A sky beast (D:6)
  12 orc warriors
  2 black bears
  6 ogres
  2 centaurs
  4 wolves
  A phantom (D:7)
  A lemure (D:6)
  Blork the orc (D:6)
  4 kobold brigands
  3 gnoll sergeants
  2 bullfrogs
  2 scorpions (D:5)
  10 wights
  13 killer bees
  2 howler monkeys (D:10)
  2 quasits
  2 gnoll boudas
  6 hounds
  A jelly (D:6)
  Crazy Yiuf (D:7)
  7 orc priests
  A sleepcap (D:5)
  5 iguanas
  10 orc wizards
  27 gnolls
  9 adders
  3 shadow imps
  7 white imps
  4 ufetubi
  A worm (D:4)
  3 dart slugs
  55 orcs
  6 ball pythons
  4 endoplasms
  9 goblins
  7 hobgoblins
  A quokka (D:1)
  4 bats
  4 frilled lizards
  21 kobolds
  A rat (D:2)
302 creatures vanquished.

Vanquished Creatures (collateral kills)
  A killer bee (D:9)
1 creature vanquished.

Vanquished Creatures (others)
  A killer bee (D:10)
  An orc (Bailey)
2 creatures vanquished.

Grand Total: 305 creatures vanquished

Notes
Turn   | Place    | Note
-------+----------+-------------------------------------------
     0 | D:1      | Esekla the Deep Elf Necromancer began the quest for the
                  | Orb.
     0 | D:1      | Reached XP level 1. HP: 10/10 MP: 6/6
   121 | D:1      | Reached skill level 5 in Necromancy
   367 | D:4      | Found an iron altar of Okawaru.
   409 | D:4      | Found a glowing silver altar of Zin.
   462 | D:4      | Found a radiant altar of Vehumet.
   466 | D:4      | Became a worshipper of Vehumet
   628 | D:3      | Reached XP level 2. HP: 15/15 MP: 8/8
   757 | D:3      | Found a hazy altar of Hepliaklqana.
   759 | D:3      | Found a bloodstained altar of Trog.
  1072 | D:3      | Identified the +5 rapier of the Hero {heavy, rN+ Dex+3}
  1087 | D:2      | Found Renulab's Jewellery Shop.
  1140 | D:2      | Reached skill level 1 in Short Blades
  1140 | D:2      | Reached XP level 3. HP: 13/19 MP: 9/9
  1144 | D:2      | Learned a level 3 spell: Vampiric Draining
  1293 | D:2      | Noticed a black bear
  1416 | D:1      | Reached * piety under Vehumet
  1416 | D:1      | Offered knowledge of Kiss of Death by Vehumet.
  1653 | D:1      | Learned a level 3 spell: Teleport Other
  1655 | D:1      | Learned a level 1 spell: Kiss of Death
  1762 | D:2      | Reached XP level 4. HP: 16/24 MP: 8/11
  1779 | D:2      | Found a faded altar of an unknown god.
  2199 | D:3      | Found a stormy altar of Qazlal.
  2216 | D:3      | Reached skill level 1 in Translocations
  2229 | D:3      | Reached XP level 5. HP: 28/28 MP: 9/12
  2335 | D:4      | Found Ponaysk's Antique Weapon Boutique.
  2473 | D:4      | Found a glowing golden altar of the Shining One.
  3027 | D:4      | Reached skill level 4 in Spellcasting
  3027 | D:4      | Reached XP level 6. HP: 23/32 MP: 0/14
  3128 | D:4      | Offered knowledge of Freeze by Vehumet.
  3131 | D:4      | Learned a level 1 spell: Freeze
  3383 | D:5      | Entered Level 5 of the Dungeon
  3391 | D:5      | Got the Parchment of the Lumpy Olives
  3400 | D:5      | Found a shadowy altar of Dithmenos.
  3431 | D:5      | Reached ** piety under Vehumet
  3695 | D:5      | Reached skill level 5 in Spellcasting
  3949 | D:5      | Reached XP level 7. HP: 31/36 MP: 13/17
  4041 | D:5      | Reached skill level 6 in Spellcasting
  4567 | D:6      | Noticed Pikel
  4621 | D:6      | Noticed Blork the orc
  4669 | D:6      | Killed Blork the orc
  4720 | D:6      | Reached skill level 7 in Spellcasting
  4779 | D:6      | Reached XP level 8. HP: 26/41 MP: 13/20
  4797 | D:6      | Found a staircase to the Ecumenical Temple.
  5335 | D:6      | Reached skill level 5 in Dodging
  5340 | D:6      | Offered knowledge of Static Discharge by Vehumet.
  5344 | D:6      | Learned a level 2 spell: Static Discharge
  5346 | D:6      | Found a blossoming altar of Fedhas.
  5558 | D:7      | Reached skill level 8 in Spellcasting
  5569 | D:7      | Reached skill level 5 in Translocations
  5587 | D:7      | Noticed Menkaure
  5592 | D:7      | Killed Menkaure
  5616 | D:7      | Reached *** piety under Vehumet
  5656 | D:7      | Reached skill level 9 in Spellcasting
  5689 | D:7      | Found a runed translucent door.
  5690 | D:7      | Noticed Crazy Yiuf
  5704 | D:7      | Killed Crazy Yiuf
  6250 | D:7      | Noticed Joseph
  6275 | D:7      | Killed Joseph
  6276 | D:7      | Reached skill level 10 in Spellcasting
  6276 | D:7      | Reached XP level 9. HP: 21/45 MP: 15/25
  6376 | D:7      | Reached skill level 1 in Throwing
  6403 | D:7      | Reached skill level 1 in Shields
  6618 | D:8      | Noticed a two-headed ogre
  6973 | D:6      | Killed Pikel
  7135 | D:8      | Offered knowledge of Mephitic Cloud by Vehumet.
  7148 | D:8      | Reached skill level 11 in Spellcasting
  7154 | D:8      | Learned a level 3 spell: Mephitic Cloud
  7197 | D:8      | Reached skill level 1 in Long Blades
  7357 | D:7      | Reached skill level 1 in Poison Magic
  7421 | D:7      | Reached **** piety under Vehumet
  7487 | D:7      | Offered knowledge of Freezing Cloud by Vehumet.
  7494 | D:7      | Learned a level 5 spell: Freezing Cloud
  7820 | D:8      | Reached skill level 1 in Air Magic
  7891 | D:8      | Found a transporter.
  7891 | D:8      | Found a transporter.
  7905 | D:8      | Found a hide-covered altar of Uskayaw.
  7919 | D:8      | Found a transporter.
  7941 | D:8      | Found a transporter.
  8072 | D:8      | Killed a two-headed ogre
  8073 | D:8      | Reached skill level 1 in Conjurations
  8073 | D:8      | Reached XP level 10. HP: 34/50 MP: 27/27
  8587 | D:9      | Noticed a two-headed ogre
  8627 | D:9      | Killed a two-headed ogre
  8628 | D:9      | Reached skill level 1 in Ice Magic
  8677 | D:9      | Found a flagged portal.
  8714 | Bailey   | Entered a bailey
  8932 | Bailey   | Identified the +2 bardiche of Puhoisos {heavy, rElec
                  | Stlth+}
  9113 | Bailey   | Noticed an orc knight
  9113 | Bailey   | Noticed an orc knight
  9153 | Bailey   | Killed an orc knight
  9154 | Bailey   | Reached skill level 12 in Spellcasting
  9168 | Bailey   | Killed an orc knight
  9378 | D:9      | Noticed Harold
  9389 | D:9      | Killed Harold
  9390 | D:9      | Reached skill level 1 in Fighting
  9516 | D:9      | Found a sparkling altar of Nemelex Xobeh.
  9600 | D:9      | Reached XP level 11. HP: 53/56 MP: 29/29
 10028 | D:9      | Reached ***** piety under Vehumet
 10032 | D:9      | Reached skill level 1 in Evocations
 10044 | D:9      | Offered knowledge of Irradiate by Vehumet.
 10057 | D:9      | Learned a level 5 spell: Irradiate
 10239 | D:10     | Entered Level 10 of the Dungeon
 10393 | D:10     | Found a sacrificial altar of Ru.
 10618 | D:10     | Reached skill level 1 in Transmutations
 10688 | D:10     | Found a staircase to the Orcish Mines.
 10985 | Orc:1    | Entered Level 1 of the Orcish Mines
 10988 | Orc:1    | Noticed an orc knight
 11001 | Orc:1    | Reached skill level 1 in Armour
 11015 | Orc:1    | Killed an orc knight
 11016 | Orc:1    | Reached skill level 5 in Stealth
 11016 | Orc:1    | Reached skill level 13 in Spellcasting
 11142 | Orc:2    | Entered Level 2 of the Orcish Mines
 11397 | D:2      | Bought the ring of the Mage {Wiz Archmagi} for 714 gold
                  | pieces
 11397 | D:2      | Found the ring of the Mage {Wiz Archmagi}
 11637 | D:11     | Noticed Lodul
 11641 | D:11     | Found Fagafuf's Pet Rocks.
 12112 | D:11     | HP: 3/62 [gargoyle/+0 flail (17)]
 12113 | D:11     | Mangled by a gargoyle

Illustrated notes

Levels and vault maps discovered:
D:1:      sevenhm_arrival_forest_fort_small_3, layout_rooms,
          chequers_serial_rivers_room_b, minmay_misc_feat_five
D:2:      layout_loops_ring, dreamdust_ecumenical_altar_angels_and_demons,
          serial_shops, shop
D:3:      layout_basic, grunt_temple_overflow_open, minmay_misc_feat_iff
D:4:      layout_basic, nicolae_overflow_quartered_altars, serial_shops,
          nicolae_diamond_shop
D:5:      layout_loops_ring, lemuel_doored_altar, minmay_misc_feat_rows,
          dreamdust_wishing_well
D:6:      layout_loops_cross, fedhas_altar_fruit_tree,
          minmay_temple_entry_glass, uniq_pikel, uniq_blork_the_orc
D:7:      layout_basic, uniq_menkaure, uniq_joseph, uniq_crazy_yiuf_cottage
D:8:      layout_basic, nicolae_uskayaw_dance_hall, serial_demonic,
          serial_demonic_d, serial_demonic_a, serial_demonic_c,
          serial_demonic_c, nicolae_diode_quadrants
D:9:      layout_irregular_city, kennysheep_little_box, enter_bailey_4,
          minmay_between, uniq_harold
D:10:     layout_basic, nicolae_ru_awakened_eye
D:11:     layout_rooms, hellmonk_lair_entry_icy, serial_ice, serial_ice_j,
          serial_ice_m, serial_ice_o, serial_ice_c, serial_ice_g, serial_ice_f,
          guppyfry_shop_earth, uniq_psyche, uniq_lodul
Orc:1:    layout_caves
Orc:2:    pf_orc_diabolical, layout_diamond_mine, uniq_azrael

Skill      XL: |  1  2  3  4  5  6  7  8  9 10 11 |
---------------+----------------------------------+-----
Necromancy     | 5 6 7 8 9 |  9.2
Short Blades   | 1 2 3 |  3.3
Dodging        | 3 4 5 6 7 8 |  8.1
Stealth        | 3 4 5 |  5.0
Translocations | 2 3 4 5 6 |  6.5
Spellcasting   | 4 5 7 10 11 12 13 | 13.5
Throwing       | 1 2 |  2.8
Shields        | 2 3 |  3.2
Long Blades    | 1 2 3 |  3.3
Poison Magic   | 1 3 |  3.6
Air Magic      | 1 3 |  3.4
Conjurations   | 1 2 4 |  4.0
Ice Magic      | 2 4 |  4.3
Fighting       | 1 4 |  4.3
Evocations     | 1 |  1.1
Transmutations | 1 |  1.9
Armour         | 1 |  1.8

Action                     |  1- 3 |  4- 6 |  7- 9 | 10-12 || total
---------------------------+-------+-------+-------+-------++-------
  Melee: Short sword       |    52 |       |       |       ||    52
         Unarmed           |     9 |       |       |       ||     9
         Rapier            |    42 |    28 |    12 |    20 ||   102
         Punch             |     1 |     2 |     1 |       ||     4
         Dagger            |       |    86 |   152 |       ||   238
         Scimitar          |       |       |   108 |   200 ||   308
  Throw: Dart              |       |    13 |    31 |    49 ||    93
         Boomerang         |       |       |       |     1 ||     1
   Cast: Vampiric Draining |     4 |    34 |    95 |   109 ||   242
         Teleport Other    |       |       |    20 |       ||    20
         Mephitic Cloud    |       |       |     3 |    32 ||    35
         Freezing Cloud    |       |       |       |     1 ||     1
         Irradiate         |       |       |       |    10 ||    10
  Evoke: Wand              |       |       |    12 |    11 ||    23
    Use: Scroll            |       |       |     8 |       ||     8
         Potion            |       |       |     1 |     5 ||     6
   Stab: Sleeping          |     3 |    10 |     6 |       ||    19
         Distracted        |     1 |     1 |       |     1 ||     3
         Confused          |       |       |       |    10 ||    10
 Armour: Robe              |    21 |    12 |    87 |    50 ||   170
  Dodge: Dodged            |    77 |    86 |   295 |   276 ||   734
  Block: Buckler           |       |       |    24 |   104 ||   128
